AoeStats
← KootH.

Arena

504618528Analyzed
4v4 RM · 27d ago on Sep 6, 2026· 32m 26s· 8 players
Game mode
Random Map
Map size
Large (8 player)
Population
200
Speed
Normal
Resources
Standard
Victory
Conquest
Starting age
Dark Age
Ending age
Imperial Age
RankedLock teamsTeams togetherTeam positionsShared explorationLock speedFull tech treeHidden civsTurbo modeCheats
Victory
Defeat
🇺🇸 Maya · United States
1712
+11
🇬🇧 Huns · United Kingdom
1677
+12
🇮🇪 Vikings · Ireland
1653
+13
🇮🇪 Celts · Ireland
1549
+17
🇦🇷 Khmer · Argentina
1713
-19
🇳🇿 Portuguese · New Zealand
1590
-13
🇨🇴 Turks · Colombia
1527
-11
🇨🇴 Bengalis · Colombia
1510
-10
bengute
0:27 Loom
11:32 Feudal Age
12:42 Double-Bit Axe
15:46 Castle Age
13:48 Stone Mining
14:47 Horse Collar
17:02 Bow Saw
16:53 Heavy Plow
20:51 Fletching
23:54 Bodkin Arrow
23:53 Gold Mining
27:18 Ballistics
29:35 Imperial Age
27:35 Padded Archer Armor
29:50 Leather Archer Armor
30:58 Bracer
32:00 Chemistry
31:58 Conscription
Zeriel
10:36 Feudal Age
14:11 Castle Age
13:01 Double-Bit Axe
12:57 Horse Collar
15:11 Bow Saw
19:25 Heavy Plow
21:37 Gold Mining
23:09 Loom
26:35 Imperial Age
24:13 Man-at-Arms
24:40 Gambesons
24:55 Squires
25:16 Scale Mail Armor
25:59 Forging
25:10 Long Swordsman
25:36 Arson
26:39 Chain Mail Armor
27:20 Gold Shaft Mining
26:35 Stone Mining
26:38 Capped Ram
27:11 Fletching
27:58 Iron Casting
27:17 Two-Handed Swordsman
28:46 Plate Mail Armor
27:58 Siege Ram
29:52 Fletching
30:46 Ballistics
30:11 Elite Skirmisher
30:52 Padded Archer Armor
31:18 Bodkin Arrow
32:00 Leather Archer Armor
31:20 Champion
impirion
10:35 Feudal Age
11:34 Double-Bit Axe
14:31 Castle Age
12:23 Horse Collar
16:36 Bow Saw
18:13 Heavy Plow
21:26 Wheelbarrow
20:59 Gold Mining
22:41 Gold Shaft Mining
26:30 Imperial Age
24:30 Forging
24:20 Scale Mail Armor
24:26 Man-at-Arms
25:07 Squires
25:14 Scale Mail Armor
25:11 Town Watch
25:39 Long Swordsman
26:38 Chain Mail Armor
27:15 Iron Casting
26:36 Capped Ram
28:39 Pikeman
31:54 Blast Furnace
30:41 Loom
31:02 Halberdier
Pr3mier
8:58 Feudal Age
9:29 Loom
10:47 Fletching
12:00 Double-Bit Axe
12:52 Horse Collar
21:10 Castle Age
22:49 Bow Saw
25:59 Wheelbarrow
26:34 Heavy Plow
28:17 Hand Cart
29:29 Gold Mining
29:30 Stone Mining
29:26 Town Watch
35:30 Imperial Age
[MLTS] RKotzen
5:35 Loom
8:08 Feudal Age
12:08 Fletching
15:37 Wheelbarrow
14:48 Double-Bit Axe
22:42 Castle Age
22:39 Horse Collar
23:54 Bow Saw
23:46 Heavy Plow
33:13 Imperial Age
30:44 Gold Mining
31:36 Scale Barding Armor
31:41 Forging
32:23 Gold Shaft Mining
KootH.
9:53 Feudal Age
14:11 Castle Age
13:17 Loom
13:41 Double-Bit Axe
13:39 Horse Collar
24:30 Wheelbarrow
26:44 Heavy Plow
31:21 Imperial Age
29:43 Fletching
29:54 Padded Archer Armor
31:38 Bodkin Arrow
31:59 Leather Archer Armor
mmmbokchoi
10:13 Feudal Age
14:27 Castle Age
12:49 Double-Bit Axe
12:56 Horse Collar
15:37 Bow Saw
15:53 Heavy Plow
21:59 Wheelbarrow
24:30 Hand Cart
24:30 Loom
24:49 Town Watch
28:39 Imperial Age
26:15 Treadmill Crane
26:45 Gold Mining
26:46 Stone Mining
28:06 Ballistics
27:37 Fletching
29:17 Coinage
29:33 Stone Shaft Mining
28:45 Elite Organ Gun
30:41 Conscription
32:07 Arquebus
32:48 Banking
KumaraGD
10:47 Feudal Age
13:39 Castle Age
11:26 Double-Bit Axe
12:56 Horse Collar
14:14 Loom
15:29 Wheelbarrow
16:48 Bow Saw
21:24 Stone Mining
25:11 Gold Mining
26:05 Heavy Plow
29:16 Imperial Age
26:59 Forging
26:55 Scale Barding Armor
27:28 Bloodlines
27:18 Husbandry
26:49 Light Cavalry
27:23 Town Watch
28:05 Husbandry
28:20 Fletching
30:39 Iron Casting
Connection lost

Rejoining the realm…

Still unreachable

The connection could not be restored.

Session expired

The server has moved on; the page needs a fresh start.